 Dungeon Crawl Stone Soup version 0.29-a0-330-g52719c12eb (webtiles) character file.

Game seed: 9077507960755216857

61 kae the Firebug (level 4, -4/27 HPs)
             Began as an Octopode Fire Elementalist on Apr 23, 2022.
             Slain by a gnoll
             ... wielding a +0 spear
              (5 damage)
             ... on level 3 of the Dungeon.
             The game lasted 00:01:39 (3314 turns).

kae the Firebug (Octopode Fire Elementalist)        Turns: 3314, Time: 00:01:39

Health: -4/27      AC:  1    Str:  7    XL:     4   Next: 7%
Magic:  4/8        EV: 13    Int: 19    God:
Gold:   106        SH:  0    Dex: 18    Spells: 2/8 levels left

rFire   . . .      SeeInvis .   (no weapon)
rCold   . . .      Faith    .   (no shield)
rNeg    . . .      Spirit   .   (helmet restricted)
rPois   .          Reflect  .   (no amulet)
rElec   .          Harm     .   h - +6 ring of dexterity
rCorr   .          Rampage  .   (no ring)
Will    .....                   (no ring)
Stlth   +++.......              (no ring)
HPRegen 0.09/turn               (no ring)
MPRegen 0.11/turn               (no ring)
                                (no ring)
                                (no ring)

@: lethally poisoned (-4 -> -10)
A: almost no armour, amphibious, 8 rings, camouflage 1, gelatinous body 1,
(nimble swimmer 1), tentacles
a: no special abilities


You were on level 3 of the Dungeon.
You visited 1 branch of the dungeon, and saw 3 of its levels.

You collected 106 gold pieces.

Inventory:

Jewellery
 h - a +6 ring of dexterity (left tentacle)
Scrolls
 b - 2 scrolls of enchant armour
 g - a scroll of teleportation
 i - a scroll of magic mapping
Potions
 a - a potion of magic
 d - 4 potions of brilliance
 e - a potion of berserk rage
 f - a potion of might
 j - a potion of lignification


   Skills:
 - Level 2.0 Dodging
 - Level 2.6 Stealth
 + Level 2.7 Spellcasting
 + Level 2.2 Conjurations
 + Level 3.6 Fire Magic


You had 2 spell levels left.
You knew the following spells:

 Your Spells              Type           Power      Damage    Failure   Level
a - Foxfire               Conj/Fire      52%        2x1d6     4%          1
b - Scorch                Fire           32%        2d6       5%          2
c - Conjure Flame         Conj/Fire      13%        6-21      14%         3

Your spell library contained the following spells:

 Spells                   Type           Power      Damage    Failure   Level
 Beastly Appendage        Tmut           4%         N/A       16%         1
 Corpse Rot               Necr/Air       4%         N/A       24%         2
 Wereblood                Tmut           2%         N/A       24%         2
 Inner Flame              Hex/Fire       9%         N/A       22%         3
 Flame Wave               Conj/Fire      13%        2d6       41%         4
 Spider Form              Tmut/Pois      2%         N/A       43%         3
 Dispel Undead            Necr           2%         3d7       83%         4
 Summon Lightning Spire   Summ/Air       2%         N/A       83%         4
 Death Channel            Necr           1%         N/A       100%        6
 Storm Form               Tmut/Air       1%         N/A       100%        7
 Maxwell's Capacitive Co  Air            1%         ∞         100%        8


Dungeon Overview and Level Annotations

Branches:
Dungeon (3/15)

Altars:

Annotations:
D:2 exclusion: door


Innate Abilities, Weirdness & Mutations

You cannot wear most types of armour.
You are amphibious.
You can wear up to eight rings at the same time.
Your skin changes colour to match your surroundings (Stealth+).
Your rubbery body absorbs attacks. (AC +1, EV +1)
((You are camouflaged when in or above water. (Stealth+)))
You have tentacles for arms and can constrict up to eight enemies at once.


Message History

There is a stone staircase leading up, spattered with blood here.
Casting: Scorch (safe; 5% risk of failure)
Confirm with . or Enter, or press ? or * to list all spells.
You conjure some foxfire!
The foxfire hits the bat but does no damage.
The bat misses you.
The foxfire hits the bat.
The bat is moderately wounded.
The bat closely misses you.
Casting: Foxfire (safe; 4% risk of failure)
Confirm with . or Enter, or press ? or * to list all spells.
Flames lash the bat.
You kill the bat!
An adder comes into view.
Casting: Scorch (safe; 5% risk of failure)
Confirm with . or Enter, or press ? or * to list all spells.
You conjure some foxfire!
The adder hisses angrily.
The foxfire hits the gnoll.
The gnoll is moderately wounded.
The foxfire hits the gnoll.
The gnoll is moderately wounded.
Casting: Foxfire (safe; 4% risk of failure)
Confirm with . or Enter, or press ? or * to list all spells.
You conjure some foxfire!
The foxfire hits the gnoll but does no damage.
The foxfire hits the adder.
The adder is heavily wounded.
The gnoll barely misses you. x2
The gnoll hits you from afar with a +0 spear!
The adder bites you.
The gnoll hits you from afar with a +0 spear!
The adder bites you.
* * * LOW HITPOINT WARNING * * *
You are lethally poisoned!
The adder poisons you!
The gnoll hits you from afar with a +0 spear.
* * * LOW HITPOINT WARNING * * *
The gnoll hits you from afar with a +0 spear.
You die...

.#g# #.#
#.#.# #.#
.#.#.# #.#.
#.#.#.#
#.#.#
#.#.#.#
#.#.#
#.#.#.#.#.#
#.#g#.#.#
#g#.#.#
#.@§#.#
#.#S#.#.#
#.#g#.#.#.#
#.#.#
#.#.#.#
#.#.#
#.#.#.#
#.#.#
#.#.#. .#.#
#.#. .# #.


You could see 3 gnolls and an adder.

Vanquished Creatures
  An adder (D:2)
  A worm (D:2)
  An orc (D:2)
  5 ball pythons
  An endoplasm (D:2)
  2 giant cockroaches (D:2)
  3 hobgoblins
  11 kobolds
  3 quokkas
  6 bats
  6 frilled lizards
  4 goblins
  5 rats
49 creatures vanquished.

Vanquished Creatures (others)
  160 foxfires
  5 toadstools (D:2)
165 creatures vanquished.

Grand Total: 214 creatures vanquished

Notes
Turn   | Place    | Note
-------+----------+-------------------------------------------
     0 | D:1      | kae the Octopode Fire Elementalist began the quest for the
                  | Orb.
     0 | D:1      | Reached XP level 1. HP: 11/11 MP: 3/3
   123 | D:1      | Found a faded altar of an unknown god.
   387 | D:1      | Reached XP level 2. HP: 17/17 MP: 3/5
   617 | D:1      | Learned a level 2 spell: Scorch
  1308 | D:2      | Reached XP level 3. HP: 21/21 MP: 2/6
  1377 | D:2      | Learned a level 3 spell: Conjure Flame
  2677 | D:2      | Reached XP level 4. HP: 5/27 MP: 1/8
  3314 | D:3      | HP: 1/27 [gnoll/+0 spear (5)]
  3314 | D:3      | Slain by a gnoll

Illustrated notes

Levels and vault maps discovered:
D:1:      minmay_arrival_doors, layout_loops_ring,
          hellmonk_ecumenical_altar_lost_god, minmay_heptomino_d4
D:2:      cheibrodos_fertilizer, layout_basic, small_statue_intersection
D:3:      layout_basic

Skill      XL: |  1  2  3 |
---------------+----------+-----
Conjurations   | 2 |  2.2
Dodging        | |  2.0
Stealth        | |  2.6
Spellcasting   | |  2.7
Fire Magic     | |  3.6

Action                   |  1- 3 |  4- 6 || total
-------------------------+-------+-------++-------
Melee: Unarmed           |     8 |       ||     8
       Punch             |     1 |       ||     1
       Constrict         |     1 |       ||     1
 Cast: Foxfire           |    94 |     3 ||    97
       Scorch            |     7 |     3 ||    10
  Use: Scroll            |     8 |       ||     8
       Potion            |     1 |       ||     1
Armor: Skin              |     4 |       ||     4
Dodge: Dodged            |    21 |     9 ||    30

Table legend: (Time is in decaauts)
 A = Elapsed time spent in this place.
 B = Non-inter-level travel time spent in this place.
 C = Inter-level travel time spent in this place.
 D = Time resting spent in this place.
 E = Time spent auto-exploring this place.
 F = Levels seen in this place.
 G = Mean time per level.
                   A        B        C        D        E       F      G
               +--------+--------+--------+--------+--------+-----+--------+
         Total |   3316 |   3244 |     72 |    715 |   2145 |   3 | 1105.3 |
       Dungeon |   3316 |   3244 |     72 |    715 |   2145 |   3 | 1105.3 |
               +--------+--------+--------+--------+--------+-----+--------+

Top non-repeatable levels by time:
     D:2: 2178 daAuts
     D:1: 1109 daAuts
     D:3: 28 daAuts
